EVO
UNIVERSITY OF MICHIGAN WOLVERINES @ WASHINGTON STATE UNIVERSITY COUGARS
11/16/2046
 
TOP OF THE 1ST
University of Michigan Wolverines batting - Pitching for Washington State University Cougars : LHP Seth Shaw
Pitching: LHP Seth Shaw
Batting: LHB Tony Olvera 0-0: Ball
1-0: Foul Ball, location: 2F
1-1: Ground out 4-3 (Groundball, 4M, EV 101.9 MPH)
Batting: LHB Dave Cook 0-0: Foul Ball, location: 2F
0-1: Swinging Strike
0-2: Ball
1-2: Ball
2-2: Foul Ball, location: 2F
2-2: Strikes out swinging
Batting: RHB Franklin Ortega 0-0: Called Strike
0-1: Swinging Strike
0-2: Ball
1-2: Ball
2-2: Ball
3-2: Foul Ball, location: 2F
3-2: Strikes out swinging
Top of the 1st over - 0 runs, 0 hits, 0 errors, 0 left on base; University of Michigan 0 - Washington State University 0
BOTTOM OF THE 1ST
Washington State University Cougars batting - Pitching for University of Michigan Wolverines : LHP Jeff Conti
Pitching: LHP Jeff Conti
Batting: RHB Leo Lopez 0-0: Ground out 5-3 (Groundball, 56, EV 107.5 MPH)
Batting: RHB Noe Oliva 0-0: Ball
1-0: Foul Ball, location: 2F
1-1: Foul Ball, location: 2F
1-2: Ball
2-2: Fly out, F5 (Popup, 56, EV 60.6 MPH)
Batting: RHB Rich Griffith 0-0: Called Strike
0-1: Ball
1-1: Foul Ball, location: 2F
1-2: Foul Ball, location: 2F
1-2: Foul Ball, location: 2F
1-2: Ball
2-2: Foul Ball, location: 2F
2-2: Strikes out swinging
Bottom of the 1st over - 0 runs, 0 hits, 0 errors, 0 left on base; University of Michigan 0 - Washington State University 0
TOP OF THE 2ND
University of Michigan Wolverines batting - Pitching for Washington State University Cougars : LHP Seth Shaw
Batting: LHB Adrian Navarro 0-0: Ball
1-0: Ball
2-0: Ball
3-0: Base on Balls
Batting: RHB Justin Young 0-0: Called Strike
0-1: Ball
1-1: Ball
2-1: Grounds into double play, 5-4-3 (Groundball, 5, EV 83.8 MPH)
Batting: RHB Jamie Broadhurst 0-0: Ball
1-0: Ball
2-0: Ground out 5-3 (Groundball, 5, EV 76.2 MPH)
Top of the 2nd over - 0 runs, 0 hits, 0 errors, 0 left on base; University of Michigan 0 - Washington State University 0
BOTTOM OF THE 2ND
Washington State University Cougars batting - Pitching for University of Michigan Wolverines : LHP Jeff Conti
Batting: RHB Miguel Pacheco 0-0: Ball
1-0: SINGLE (Line Drive, 56D, EV 99.4 MPH)
Batting: LHB Jeremy Rideout 0-0: Called Strike
0-1: Grounds into double play, 4-6-3 (Groundball, 4, EV 80.0 MPH)
Batting: RHB Wilson Salgado 0-0: Called Strike
0-1: Ball
1-1: Swinging Strike
1-2: Strikes out swinging
Bottom of the 2nd over - 0 runs, 1 hit, 0 errors, 0 left on base; University of Michigan 0 - Washington State University 0
TOP OF THE 3RD
University of Michigan Wolverines batting - Pitching for Washington State University Cougars : LHP Seth Shaw
Batting: RHB Dave Guevara 0-0: Ball
1-0: Ground out 6-3 (Groundball, 6, EV 106.9 MPH)
Batting: RHB Glen Limeburner 0-0: Ball
1-0: Ground out 6-3 (Groundball, 6, EV 76.2 MPH)
Batting: RHB Edwin Nunez 0-0: Fly out, F8 (Flyball, 8RS, EV 92.5 MPH)
Top of the 3rd over - 0 runs, 0 hits, 0 errors, 0 left on base; University of Michigan 0 - Washington State University 0
BOTTOM OF THE 3RD
Washington State University Cougars batting - Pitching for University of Michigan Wolverines : LHP Jeff Conti
Batting: RHB Eric Kent 0-0: Called Strike
0-1: Ball
1-1: Foul Ball, location: 2F
1-2: DOUBLE (Line Drive, 89XD, EV 111.2 MPH)
Batting: RHB Camillo Bonauiti 0-0: Ball
1-0: Ground out 6-3 (Groundball, 6, EV 102.5 MPH)
Batting: RHB Dave Beerman 0-0: Swinging Strike
0-1: Foul Ball, location: 2F
0-2: Ball
1-2: Ball
2-2: Foul Ball, location: 2F
2-2: Strikes out swinging
Batting: RHB Leo Lopez 0-0: Ball
1-0: Ball
Wild Pitch!
Eric Kent to third
2-0: Ball
3-0: Fly out, F7 (Line Drive, 7S, EV 101.2 MPH)
Bottom of the 3rd over - 0 runs, 1 hit, 0 errors, 1 left on base; University of Michigan 0 - Washington State University 0
TOP OF THE 4TH
University of Michigan Wolverines batting - Pitching for Washington State University Cougars : LHP Seth Shaw
Batting: LHB Tony Olvera 0-0: Ground out 6-3 (Groundball, 6, EV 76.2 MPH)
Batting: LHB Dave Cook 0-0: Called Strike
0-1: SINGLE (Line Drive, 8RS, EV 108.1 MPH)
Batting: RHB Franklin Ortega 0-0: Fly out, F5 (Popup, 5, EV 71.2 MPH)
Batting: LHB Adrian Navarro 0-0: Ball
1-0: Ball
2-0: Called Strike
2-1: Fly out, F8 (Flyball, 8LM, EV 88.1 MPH)
Top of the 4th over - 0 runs, 1 hit, 0 errors, 1 left on base; University of Michigan 0 - Washington State University 0
BOTTOM OF THE 4TH
Washington State University Cougars batting - Pitching for University of Michigan Wolverines : LHP Jeff Conti
Batting: RHB Noe Oliva 0-0: Ball
1-0: Ball
2-0: SINGLE (Line Drive, 6D, EV 102.5 MPH)
Batting: RHB Rich Griffith 0-0: Ball
1-0: Foul Ball, location: 2F
1-1: Ball
2-1: Called Strike
2-2: DOUBLE (Line Drive, 9LS, EV 91.9 MPH)
Noe Oliva to third
Batting: RHB Miguel Pacheco 0-0: Fly out, F9 (Flyball, 9D, EV 90.6 MPH)
Runner from 3rd tags up, SCORES, throw by RF
Rich Griffith to third
Batting: LHB Jeremy Rideout 0-0: SINGLE (Groundball, 4MD, EV 96.2 MPH)
Rich Griffith scores
Batting: RHB Wilson Salgado 0-0: Ball
1-0: Ball
2-0: SINGLE (Line Drive, 56D, EV 102.5 MPH)
Jeremy Rideout to second
Batting: RHB Eric Kent 0-0: Called Strike
0-1: Ball
1-1: Ball
2-1: Swinging Strike
2-2: Fielders Choice at 2nd, 4-6 (Groundball, 4S, EV 91.2 MPH)
Jeremy Rideout to third
Batting: RHB Camillo Bonauiti 0-0: Ball
1-0: Swinging Strike
1-1: Called Strike
1-2: Ball
2-2: Ball
3-2: Strikes out swinging
Bottom of the 4th over - 2 runs, 4 hits, 0 errors, 2 left on base; University of Michigan 0 - Washington State University 2
TOP OF THE 5TH
University of Michigan Wolverines batting - Pitching for Washington State University Cougars : LHP Seth Shaw
Batting: RHB Justin Young 0-0: Foul Ball, location: 2F
0-1: Foul Ball, location: 2F
0-2: Ball
1-2: DOUBLE (Groundball, 5L, EV 102.5 MPH)
Batting: RHB Jamie Broadhurst 0-0: Ball
1-0: Called Strike
1-1: Swinging Strike
1-2: Foul Ball, location: 2F
1-2: Strikes out looking
Batting: RHB Dave Guevara 0-0: Foul Ball, location: 2F
0-1: Ball
1-1: Ball
2-1: Ball
3-1: Base on Balls
Batting: RHB Glen Limeburner 0-0: Called Strike
0-1: Ball
1-1: Foul Ball, location: 2F
1-2: Strikes out swinging
Batting: RHB Edwin Nunez 0-0: Called Strike
0-1: Ball
1-1: DOUBLE (Line Drive, 7LM, EV 112.5 MPH)
Justin Young scores
Dave Guevara to third
Batting: LHB Tony Olvera 0-0: Ball
1-0: Called Strike
1-1: Foul Ball, location: 2F
1-2: Foul Ball, location: 2F
1-2: Fly out, F8 (Flyball, 8RS, EV 88.8 MPH)
Top of the 5th over - 1 run, 2 hits, 0 errors, 2 left on base; University of Michigan 1 - Washington State University 2
BOTTOM OF THE 5TH
Washington State University Cougars batting - Pitching for University of Michigan Wolverines : LHP Jeff Conti
Batting: RHB Dave Beerman 0-0: Called Strike
0-1: Ball
1-1: Ball
2-1: Ball
3-1: Base on Balls
Batting: RHB Leo Lopez 0-0: Grounds into double play, 6-4-3 (Groundball, 6, EV 83.1 MPH)
Batting: RHB Noe Oliva 0-0: Called Strike
0-1: Fly out, F8 (Flyball, 8RXD, EV 96.9 MPH)
Bottom of the 5th over - 0 runs, 0 hits, 0 errors, 0 left on base; University of Michigan 1 - Washington State University 2
TOP OF THE 6TH
University of Michigan Wolverines batting - Pitching for Washington State University Cougars : LHP Seth Shaw
Batting: LHB Dave Cook 0-0: Ball
1-0: DOUBLE (Groundball, 5L, EV 107.5 MPH)
Batting: RHB Franklin Ortega 0-0: Ball
1-0: Called Strike
1-1: Foul Ball, location: 2F
1-2: Foul Ball, location: 2F
1-2: Strikes out looking
Batting: LHB Adrian Navarro 0-0: Ball
1-0: Ball
2-0: Foul Ball, location: 2F
2-1: Swinging Strike
2-2: Ball
3-2: Foul Ball, location: 2F
3-2: Foul Ball, location: 2F
3-2: Foul Ball, location: 2F
3-2: Fly out, F8 (Flyball, 8RD, EV 91.9 MPH)
Pitching: RHP John Stiff
Batting: RHB Justin Young 0-0: Swinging Strike
0-1: Ball
1-1: Swinging Strike
1-2: Strikes out swinging
Top of the 6th over - 0 runs, 1 hit, 0 errors, 1 left on base; University of Michigan 1 - Washington State University 2
BOTTOM OF THE 6TH
Washington State University Cougars batting - Pitching for University of Michigan Wolverines : LHP Jeff Conti
Batting: RHB Rich Griffith 0-0: Ball
1-0: Ball
2-0: Ball
3-0: Base on Balls
Batting: RHB Miguel Pacheco 0-0: Ground out 4-3 (Groundball, 34, EV 106.9 MPH)
Rich Griffith to second
Batting: LHB Jeremy Rideout 0-0: Ball
1-0: Fly out, F8 (Flyball, 8RD, EV 91.2 MPH)
Runner from 2nd tags up, SAFE at 3rd with throw by CF
Batting: RHB Wilson Salgado 0-0: SINGLE (Line Drive, 78S, EV 107.5 MPH)
Rich Griffith scores
Batting: RHB Eric Kent 0-0: Foul Ball, location: 2F
0-1: Foul Ball, location: 2F
0-2: Foul Ball, location: 2F
0-2: Ball
1-2: Ball
2-2: Strikes out swinging
Bottom of the 6th over - 1 run, 1 hit, 0 errors, 1 left on base; University of Michigan 1 - Washington State University 3
TOP OF THE 7TH
University of Michigan Wolverines batting - Pitching for Washington State University Cougars : RHP John Stiff
Batting: RHB Jamie Broadhurst 0-0: Called Strike
0-1: Foul Ball, location: 2F
0-2: Ball
1-2: Ball
2-2: Ground out 6-3 (Groundball, 6MS, EV 90.0 MPH)
Batting: RHB Dave Guevara 0-0: Ball
1-0: Ground out 4-3 (Groundball, 4M, EV 101.2 MPH)
Batting: RHB Glen Limeburner 0-0: Ball
1-0: Called Strike
1-1: Ball
2-1: Ball
3-1: Foul Ball, location: 2F
3-2: Fly out, F8 (Flyball, 8RM, EV 93.1 MPH)
Top of the 7th over - 0 runs, 0 hits, 0 errors, 0 left on base; University of Michigan 1 - Washington State University 3
BOTTOM OF THE 7TH
Washington State University Cougars batting - Pitching for University of Michigan Wolverines : LHP Jeff Conti
Pitching: RHP Reginald Bamber
Batting: RHB Camillo Bonauiti 0-0: Foul Ball, location: 2F
0-1: Called Strike
0-2: Strikes out looking
Batting: RHB Dave Beerman 0-0: Foul Ball, location: 2F
0-1: Ball
1-1: SOLO HOME RUN (Line Drive, 7D, EV 111.2 MPH), Distance : 408 ft
Batting: RHB Leo Lopez 0-0: Called Strike
0-1: Called Strike
0-2: SOLO HOME RUN (Flyball, 89XD, EV 110.6 MPH), Distance : 442 ft
Batting: RHB Noe Oliva 0-0: Ball
1-0: Foul Ball, location: 2F
1-1: Foul Ball, location: 2F
1-2: Ball
2-2: Foul Ball, location: 2F
2-2: Ball
3-2: Strikes out swinging
Batting: RHB Rich Griffith 0-0: Ball
1-0: Swinging Strike
1-1: Ground out 5-3 (Groundball, 56, EV 91.2 MPH)
Bottom of the 7th over - 2 runs, 2 hits, 0 errors, 0 left on base; University of Michigan 1 - Washington State University 5
TOP OF THE 8TH
University of Michigan Wolverines batting - Pitching for Washington State University Cougars : RHP John Stiff
Pitching: RHP Antonio Hernandez
Batting: RHB Jason Rhodes 0-0: SINGLE (Flyball, 5D, EV 92.5 MPH)
Batting: LHB Tony Olvera 0-0: Ball
1-0: Swinging Strike
1-1: Ball
2-1: Swinging Strike
2-2: Foul Ball, location: 2F
2-2: Strikes out swinging
Batting: LHB Dave Cook 0-0: Fly out, F4 (Popup, 3, EV 78.8 MPH)
Batting: RHB Franklin Ortega 0-0: Called Strike
0-1: Hit by Pitch
Jason Rhodes to second
Batting: LHB Adrian Navarro 0-0: Called Strike
0-1: Foul Ball, location: 2F
0-2: Ball
1-2: Ball
2-2: Ground out 1-3 (Groundball, 34S, EV 67.5 MPH)
Top of the 8th over - 0 runs, 1 hit, 0 errors, 2 left on base; University of Michigan 1 - Washington State University 5
BOTTOM OF THE 8TH
Washington State University Cougars batting - Pitching for University of Michigan Wolverines : RHP Reginald Bamber
Pitching: LHP Greg Bradley
Batting: RHB Miguel Pacheco 0-0: Ball
1-0: Foul Ball, location: 2F
1-1: SOLO HOME RUN (Flyball, 9D, EV 103.1 MPH), Distance : 399 ft
Batting: LHB Jeremy Rideout 0-0: Fly out, F6 (Popup, 6, EV 61.2 MPH)
Batting: RHB Wilson Salgado 0-0: Ground out 6-3 (Groundball, 6, EV 85.6 MPH)
Batting: RHB Eric Kent 0-0: Called Strike
0-1: Ball
1-1: Called Strike
1-2: Ground out 5-3 (Groundball, 5, EV 108.8 MPH)
Bottom of the 8th over - 1 run, 1 hit, 0 errors, 0 left on base; University of Michigan 1 - Washington State University 6
TOP OF THE 9TH
University of Michigan Wolverines batting - Pitching for Washington State University Cougars : RHP Antonio Hernandez
Batting: RHB Justin Young 0-0: Ball
1-0: Foul Ball, location: 2F
1-1: Ball
2-1: Foul Ball, location: 2F
2-2: Foul Ball, location: 2F
2-2: Ball
3-2: Foul Ball, location: 2F
3-2: Fly out, F9 (Flyball, 9LM, EV 103.1 MPH)
Batting: RHB Jamie Broadhurst 0-0: Called Strike
0-1: Ball
1-1: Foul Ball, location: 2F
1-2: Fly out, F9 (Flyball, 89M, EV 88.8 MPH)
Pinch Hitting: LHB Gabe Morales 0-0: Foul Ball, location: 2F
0-1: Ball
1-1: Called Strike
1-2: Ground out 4-3 (Groundball, 4, EV 99.4 MPH)
Top of the 9th over - 0 runs, 0 hits, 0 errors, 0 left on base; University of Michigan 1 - Washington State University 6
Tuesday, September 13th , 2022 - OOTP Baseball 23.7 Build 88